 Dungeon Crawl Stone Soup version 0.23-a0-666-g28d4f2f0af (webtiles) character file.

6510 Notair the Cleaver (level 10, -4/91 HPs)
             Began as a Minotaur Gladiator on Jan 8, 2019.
             Was a High Priest of Okawaru.
             Slain by a six-headed hydra (6 damage)
             ... on level 11 of the Dungeon.
             The game lasted 00:26:48 (11855 turns).

Notair the Cleaver (Minotaur Gladiator)            Turns: 11855, Time: 00:26:49

Health: -4/91      AC: 13    Str: 19    XL:     10   Next: 69%
Magic:  9/9        EV: 13    Int:  8    God:    Okawaru [*****.]
Gold:   590        SH:  0    Dex: 12    Spells: 9/9 levels left

rFire    . . .     SeeInvis +   a - +0 war axe
rCold    . . .     Gourm    .   (no shield)
rNeg     . . .     Faith    .   t - +0 scale mail
rPois    .         Spirit   .   W - +2 hat
rElec    .         Reflect  .   M - scarf {cloud immunity}
rCorr    .         Harm     .   b - +1 pair of gloves
MR       .....                  w - +0 pair of boots
Stlth    ..........             (no amulet)
HPRegen  0.25/turn              p - ring of see invisible
MPRegen  0.11/turn              (no ring)

@: drained
A: retaliatory headbutt, horns 2
a: Heroism, Finesse, Renounce Religion


You were on level 11 of the Dungeon.
You worshipped Okawaru.
Okawaru was extremely pleased with you.
You were very hungry.

You visited 2 branches of the dungeon, and saw 12 of its levels.

You collected 590 gold pieces.

Inventory:

Hand Weapons
 a - a +0 war axe (weapon)
 i - a +0 hand crossbow
 v - a +0 arbalest
 A - a +0 blowgun
 N - a +0 flail of protection
Missiles
 d - 2 throwing nets (quivered)
 e - 386 stones
 z - 35 poisoned needles
 B - 65 sling bullets
 D - 55 bolts
 L - a tomahawk of returning
 U - 2 curare-tipped needles
Armour
 b - a +1 pair of gloves (worn)
 t - a +0 scale mail (worn)
 w - a +0 pair of boots (worn)
 M - a scarf of cloud immunity (worn)
 W - a +2 hat (worn)
Jewellery
 p - a ring of see invisible (left hand)
 u - an uncursed ring of flight
 R - an uncursed amulet of regeneration {unknown}
Wands
 g - a wand of iceblast (21)
 E - a wand of digging (10)
 F - a wand of polymorph (10)
 K - a wand of random effects (13)
 S - a wand of disintegration (14)
Scrolls
 h - 4 scrolls of remove curse
 j - a scroll of random uselessness {unknown}
 l - 2 scrolls of identify
 n - 5 scrolls of teleportation
 r - 2 scrolls of enchant armour
 y - a scroll of blinking
 H - a scroll of enchant weapon {unknown}
 I - a scroll of fog
 J - 2 scrolls of amnesia
 T - a scroll of summoning {unknown}
Potions
 k - 7 potions of mutation
 m - a potion of curing
 o - a potion of ambrosia {unknown}
 s - 2 potions of heal wounds
 x - 3 potions of resistance {unknown}
 G - 4 potions of might
 O - 2 potions of agility {unknown}
 P - 3 potions of brilliance
 Q - a potion of berserk rage {unknown}
 V - a potion of experience {unknown}
Comestibles
 f - 18 rations


   Skills:
 + Level 9.0(8.1) Fighting
 * Level 12.6(11.6) Axes
 - Level 2.0(1.2) Throwing
 + Level 8.7(7.8) Armour
 + Level 8.6(7.7) Dodging


You had 9 spell levels left.
You didn't know any spells.
Your spell library contained the following spells:

 Spells                   Type           Power        Failure   Level  Hunger
 Flame Tongue             Conj/Fire      #....        75%         1    ##.....
 Sting                    Conj/Pois      #...         75%         1    ##.....
 Poisonous Vapours        Pois/Air       #.....       86%         2    ###....
 Throw Flame              Conj/Fire      #.....       86%         2    ###....
 Conjure Flame            Conj/Fire      #.......     98%         3    ####...
 Inner Flame              Hex/Fire       #.......     98%         3    ####...
 Mephitic Cloud           Conj/Pois/Air  #.......     98%         3    ####...
 Olgreb's Toxic Radiance  Pois           #.......     100%        4    #####..
 Sticky Flame             Conj/Fire      #.......     100%        4    #####..
 Fireball                 Conj/Fire      #.........   100%        5    ######.
 Venom Bolt               Conj/Pois      #.........   100%        5    ######.


Dungeon Overview and Level Annotations

Branches:
Dungeon (11/15)            Temple (1/1) D:4            Lair (0/6) D:11
    Orc (0/2) D:9

Altars:
Ashenzari
Cheibriados
Dithmenos
Elyvilon
Fedhas
Gozag
Hepliaklqana
Kikubaaqudgha
Makhleb
Nemelex Xobeh
Okawaru
Qazlal
Ru
Sif Muna
Trog
Uskayaw
Vehumet
Wu Jian
Xom
Yredelemnul
Zin
The Shining One

Shops:
D:4 (

Annotations:
D:4 3 runed doors, Shinnjin's ghost, amateur HOFi


Innate Abilities, Weirdness & Mutations

You reflexively headbutt those who attack you in melee.
You have a pair of horns on your head.


Message History

Aiming: Disintegrate
Press: ? - help, Shift-Dir - straight line, f/p - six-headed hydra
Aim: a six-headed hydra (moderately wounded, chance to defeat MR: 30%)
The six-headed hydra easily resists.
A hound comes into view.
The six-headed hydra bites you! The six-headed hydra bites you.
* * * LOW HITPOINT WARNING * * *
The six-headed hydra bites you but does no damage.
The six-headed hydra bites you!
* * * LOW HITPOINT WARNING * * *
The six-headed hydra bites you but does no damage.
The six-headed hydra misses you. The orc closely misses you.
The six-headed hydra misses you. The six-headed hydra bites you!
* * * LOW HITPOINT WARNING * * *
The six-headed hydra completely misses you.
The six-headed hydra bites you.
* * * LOW HITPOINT WARNING * * *
The six-headed hydra bites you.
You die...

,,,,,* *,,,,,,,,* *,* ***+**
*,,..,,*** **,* *,,* ***#h##*
*,,* ##+### ###..### *,** .....#
#......# ***+*** .....# #...o..#
*,,,,,* .....# #......# *,,,,,*
.....# #...Do.# *,,,,,** ....l#
#...@o.#******,,,,,+,
....<#*****
#..?...+,,,,,∩,,,,,**
...[.+,,,,**#......#*****,,,,,,*
.....#***,,,+......# **,,,,,*
.....# ****#......# *,,,,,*
.....# ##+##### ******* #+####
*,,,,,* *,,,** *****,* ***,,*
******+**


You could see a six-headed hydra, a hound, an orc priest and 2 orcs.

Vanquished Creatures
  A two-headed ogre (D:9)
  A hornet (D:10)
  A troll (D:10)
  2 hippogriffs
  2 wyverns
  9 yaks
  A hungry ghost (D:7)
  Edmund (D:6)
  An ice beast (D:8)
  2 sky beasts
  3 ogres
  3 phantoms
  A black bear (D:6)
  3 centaurs
  2 big kobolds
  4 bullfrogs
  2 scorpions
  9 killer bees (D:10)
  3 wights (D:10)
  4 howler monkeys (D:9)
  A crimson imp (D:10)
  A bullfrog zombie (D:7)
  A centaur zombie (D:8)
  2 hounds
  3 orc priests
  A jelly (D:7)
  3 orc wizards
  3 bullfrog skeletons
  2 iguanas
  7 worker ants
  A hound zombie (D:6)
  2 hound skeletons
  2 worker ant zombies
  3 gnolls (D:3)
  8 adders
  A shadow imp (D:10)
  A worm (D:3)
  3 dart slugs
  8 leopard geckos
  29 orcs
  10 bats
  4 hobgoblins
  20 jackals
  14 kobolds
  4 quokkas
  3 frilled lizards
  A giant cockroach zombie (D:5)
  11 goblins
  A leopard gecko skeleton (D:7)
  5 rats
210 creatures vanquished.

Notes
Turn   | Place    | Note
-------+----------+-------------------------------------------
     0 | D:1      | Notair the Minotaur Gladiator began the quest for the Orb.
     0 | D:1      | Reached XP level 1. HP: 18/18 MP: 0/0
   323 | D:1      | Reached XP level 2. HP: 23/25 MP: 1/1
   339 | D:1      | Reached skill level 4 in Axes
   426 | D:1      | Reached skill level 1 in Armour
   624 | D:1      | Reached XP level 3. HP: 28/30 MP: 2/2
   939 | D:2      | Found a glowing golden altar of the Shining One.
   957 | D:2      | Found a burning altar of Makhleb.
  1080 | D:2      | Found a stormy altar of Qazlal.
  1478 | D:2      | Found a snail-covered altar of Cheibriados.
  1643 | D:3      | Reached XP level 4. HP: 29/38 MP: 3/3
  2136 | D:3      | Reached skill level 5 in Axes
  2910 | D:3      | Found a sparkling altar of Nemelex Xobeh.
  3063 | D:4      | Found Qewec Neg's Weapon Shoppe.
  3079 | D:4      | Found a staircase to the Ecumenical Temple.
  3092 | D:4      | Reached XP level 5. HP: 40/45 MP: 4/4
  3126 | Temple   | Entered the Ecumenical Temple
  3326 | Temple   | Became a worshipper of Warmaster Okawaru
  3528 | D:4      | Found a runed gate.
  3528 | D:4      | Found a runed gate.
  3529 | D:4      | Found a runed gate.
  3529 | D:4      | Noticed Shinnjin's ghost (amateur HOFi)
  3582 | D:4      | Noticed an ogre
  3589 | D:4      | Killed an ogre
  3589 | D:4      | Reached skill level 6 in Axes
  3589 | D:4      | Reached XP level 6. HP: 22/52 MP: 5/5
  4040 | D:5      | Entered Level 5 of the Dungeon
  4109 | D:5      | Found an ancient bone altar of Kikubaaqudgha.
  4255 | D:5      | Reached * piety under Okawaru
  4368 | D:5      | Found an opulent altar of Gozag.
  4510 | D:5      | Found a radiant altar of Vehumet.
  4640 | D:5      | Reached XP level 7. HP: 60/60 MP: 6/6
  4785 | D:5      | Reached skill level 7 in Axes
  4785 | D:5      | Reached skill level 5 in Dodging
  5090 | D:6      | Reached skill level 5 in Fighting
  5199 | D:6      | Found an ornate altar of the Wu Jian Council.
  5358 | D:6      | Noticed Edmund
  5381 | D:6      | Killed Edmund
  5536 | D:6      | Reached ** piety under Okawaru
  5536 | D:6      | Reached skill level 8 in Axes
  5536 | D:6      | Reached XP level 8. HP: 60/69 MP: 7/7
  5925 | D:7      | Found a white marble altar of Elyvilon.
  5963 | D:7      | Reached skill level 5 in Armour
  6375 | D:7      | Reached skill level 9 in Axes
  6449 | D:7      | Found a hide-covered altar of Uskayaw.
  6452 | D:7      | Noticed a +0 dagger
  6454 | D:7      | Noticed a +0 hand axe
  6754 | D:8      | Reached *** piety under Okawaru
  6928 | D:8      | Reached XP level 9. HP: 75/78 MP: 8/8
  6977 | D:8      | Reached skill level 10 in Axes
  7483 | D:8      | Found a blossoming altar of Fedhas.
  7699 | D:9      | Noticed a two-headed ogre
  7708 | D:9      | Killed a two-headed ogre
  7708 | D:9      | Reached **** piety under Okawaru
  7708 | D:9      | Reached skill level 11 in Axes
  8049 | D:9      | Reached XP level 10. HP: 52/88 MP: 9/9
  8253 | D:9      | Found a staircase to the Orcish Mines.
  8441 | D:9      | Found a glowing silver altar of Zin.
  8650 | D:9      | Found a sacrificial altar of Ru.
  8906 | D:10     | Entered Level 10 of the Dungeon
  9036 | D:10     | Paralysed by a hornet for 1 turns
 10247 | D:10     | Reached skill level 12 in Axes
 10570 | D:10     | Reached ***** piety under Okawaru
 10574 | D:10     | Received a gift from Okawaru
 11851 | D:11     | Noticed a six-headed hydra
 11855 | D:11     | HP: 2/91 [six-headed hydra (5)]
 11855 | D:11     | Slain by a six-headed hydra

Vault maps used:
D:1:      dpeg_arrival_castle
D:2:      lemuel_round_altar, overflow_temple_1_default, lemuel_round_altar,
          grunt_qazlal_sundering
D:3:      lemuel_doored_altar
D:4:      minmay_temple_entry_sparse_star, first_ration, serial_shops, shop,
          gammafunk_ghost_nasty_kobolds
D:5:      nicolae_overflow_crystal_walls, marbit_many_paths, basic_altar,
          mrwooster_statue_mirror
D:6:      kennysheep_little_box, uniq_edmund
D:7:      elyvilon_altar_4, dancing_weapons_uskayaw
D:8:      kennysheep_mini
D:9:      nicolae_ru_path_of_blood, lemuel_coloured_pillars_altar, orc_0_dummy
D:11:     lair_entry_dummy, gauntlet_entry_generic, basic_altar, serial_shops,
          nicolae_shop_window_shopping, hangedman_stone_soup
Temple:   dpeg_chambers_temple

Skill      XL: |  1  2  3  4  5  6  7  8  9 10 |
---------------+-------------------------------+-----
Axes           | 4 5 6 8 9 11 12 | 12.6
Armour         | 1 2 3 4 6 7 8 |  8.7
Fighting       | 3 4 5 6 8 9 |  9.0
Dodging        | 4 5 6 7 8 |  8.6
Throwing       | |  2.0

Action                   |  1- 3 |  4- 6 |  7- 9 | 10-12 || total
-------------------------+-------+-------+-------+-------++-------
Melee: War axe           |    83 |    91 |   253 |   196 ||   623
       Headbutt          |    12 |    21 |    48 |    33 ||   114
 Fire: Hand crossbow     |       |       |     2 |       ||     2
Throw: Stone             |    11 |       |       |       ||    11
       Throwing net      |     1 |       |     1 |       ||     2
Invok: Heroism           |       |       |       |     6 ||     6
Evoke: Wand              |       |       |     2 |     7 ||     9
  Use: Scroll            |       |       |    11 |     5 ||    16
       Potion            |       |       |       |     3 ||     3
 Stab: Held in net/web   |       |       |     2 |       ||     2
  Eat: Chunk             |     1 |     7 |     9 |     4 ||    21
       Ration            |       |     1 |     2 |     2 ||     5
Armor: Ring mail         |    41 |    29 |       |       ||    70
       Scale mail        |       |     2 |    84 |   105 ||   191
Dodge: Dodged            |    69 |    77 |   159 |   171 ||   476

Table legend:
 A = Non-vault XP
 B = Vault XP
 C = Vault XP percentage of total XP
 D = Non-vault monster count
 E = Vault monster count
 F = Vault count percentage of total count
                 A         B        C        D         E       F
            +---------+---------+-------+---------+---------+-------
      Total |    9136 |     164 |   1.8 |     209 |       1 |   0.5
            +---------+---------+-------+---------+---------+-------
        D:1 |      48 |       0 |   0.0 |      26 |       0 |   0.0
        D:2 |      32 |       0 |   0.0 |      11 |       0 |   0.0
        D:3 |     112 |       0 |   0.0 |      26 |       0 |   0.0
        D:4 |     269 |       0 |   0.0 |       7 |       0 |   0.0
        D:5 |     489 |       0 |   0.0 |      18 |       0 |   0.0
        D:6 |     362 |     164 |  31.2 |       9 |       1 |  10.0
        D:7 |     930 |       0 |   0.0 |      23 |       0 |   0.0
        D:8 |    1416 |       0 |   0.0 |      18 |       0 |   0.0
        D:9 |    1894 |       0 |   0.0 |      17 |       0 |   0.0
       D:10 |    3545 |       0 |   0.0 |      53 |       0 |   0.0
       D:11 |      39 |       0 |   0.0 |       1 |       0 |   0.0
            +---------+---------+-------+---------+---------+-------
